 Dungeon Crawl Stone Soup version 0.29-a0-284-gf9362112df (webtiles) character file.

Game seed: 17280214024157678248

686 sylnyx the Poker (level 7, -9/61 HPs)
             Began as a Minotaur Monk on Mar 23, 2022.
             Was a Priest of Okawaru.
             Mangled by a hornet (10 damage)
             ... on level 4 of the Dungeon.
             The game lasted 00:12:36 (3642 turns).

sylnyx the Poker (Minotaur Monk)                    Turns: 3642, Time: 00:12:37

Health: -9/61      AC: 12    Str: 18    XL:     7   Next: 35%
Magic:  5/6        EV:  6    Int:  7    God:    Okawaru [***...]
Gold:   150        SH:  0    Dex: 12    Spells: 6/6 levels left

rFire   . . .      SeeInvis +   o - +1 flail (vorpal)
rCold   . . .      Faith    +   (no shield)
rNeg    . . .      Spirit   .   s - +0 plate armour
rPois   .          Reflect  .   (helmet restricted)
rElec   .          Harm     .   (no cloak)
rCorr   .          Rampage  .   (no gloves)
Will    .....                   l - +0 pair of boots
Stlth   ..........              d - amulet of faith
HPRegen 0.20/turn               j - ring of see invisible
MPRegen 0.10/turn               (no ring)

@: slowed, very slow
A: horns 2, retaliatory headbutt
a: Renounce Religion, Heroism


You were on level 4 of the Dungeon.
You worshipped Okawaru.
Okawaru was most pleased with you.
You visited 1 branch of the dungeon, and saw 5 of its levels.

You collected 150 gold pieces.

Inventory:

Hand Weapons
 a - a +0 spear
 o - a +1 vorpal flail (weapon)
Armour
 k - a +0 cloak
 l - a +0 pair of boots (worn)
 s - a +0 plate armour (worn)
Jewellery
 d - an amulet of faith (around neck)
 i - a ring of ice
 j - a ring of see invisible (left hand)
Wands
 q - a wand of iceblast (9)
 t - a wand of digging (1)
Scrolls
 b - a scroll of fear {unknown}
 e - a scroll of immolation
 f - a scroll of identify {unknown}
 g - a scroll of blinking
 h - a scroll of amnesia {unknown}
 m - 3 scrolls of teleportation
 n - a scroll of brand weapon {unknown}
 r - a scroll of magic mapping
Potions
 c - a potion of ambrosia
 p - a potion of curing {unknown}


   Skills:
 + Level 5.4 Fighting
 + Level 0.2 Maces & Flails
 + Level 7.0 Polearms
 + Level 3.9 Armour
 + Level 4.4 Dodging
 + Level 2.6 Stealth
 + Level 0.3 Invocations
 + Level 0.7 Evocations


You had 6 spell levels left.
You didn't know any spells.
Your spell library contained the following spells:

 Spells                   Type           Power      Damage    Failure   Level
 Shock                    Conj/Air       0%         1d3       100%        1
 Corpse Rot               Necr/Air       0%         N/A       100%        2
 Poisonous Vapours        Pois/Air       0%         N/A       100%        2
 Ozocubu's Armour         Ice            0%         N/A       100%        3
 Swiftness                Air            0%         N/A       100%        3
 Airstrike                Air            0%         N/A       100%        4
 Metabolic Englaciation   Hex/Ice        0%         N/A       100%        5
 Simulacrum               Ice/Necr       Unusable   N/A       N/A         6

Dungeon Overview and Level Annotations

Branches:
Dungeon (5/15)
 Temple: D:4-7

Altars:
Hepliaklqana
Okawaru
Vehumet

Annotations:
D:4 Pikel


Innate Abilities, Weirdness & Mutations

You have a pair of horns on your head.
You reflexively headbutt those who attack you in melee.


Message History

Okay, then.
The hornet stings you but does no damage.
Aiming: Iceblast
Press: ? - help, Q - select action, (/) - cycle Shift-Dir - straight line, f - lemure
Aim: a lemure That beam is likely to hit you.
Continue anyway?
The mass of ice explodes!
The iceblast engulfs the hornet!
The hornet is severely wounded.
The iceblast engulfs you!
The iceblast engulfs the lemure!
The lemure is moderately wounded.
You hear a shout! x2; You hear an angry hiss.
The hornet stings you but does no damage.
The hornet stings you!
You feel as though you will be slow longer.
The hornet barely misses you. You furiously retaliate!
You headbutt the hornet! You miss the hornet.
The hornet is almost dead.
The hornet stings you but does no damage. x2
A lemure comes into view.
You miss the hornet.
The hornet is almost dead.
You feel like a meek peon again. The hornet stings you!
You feel as though you will be slow longer.
The hornet stings you.
You feel as though you will be slow longer.
The hornet stings you!
* * * LOW HITPOINT WARNING * * *
You feel as though you will be slow longer.
Pikel cracks his whip.
You closely miss the hornet.
The hornet is severely wounded.
The hornet stings you!
* * * LOW HITPOINT WARNING * * *
You feel as though you will be slow longer.
The hornet stings you but does no damage.
Pikel zaps a wand.
You hear a grinding noise.
The hornet stings you!
You die...

*,**,******,*,,,*K.J,,*,,,,,,
#####.**,*
*,**,*#l.#*,#,*****
......,,,* *,**,,.5.#*.#,*
#####.**,* *,****.5.#.*,,* #
*,**,******,* *y...***,* ** #
*,**,,,,,,,,* *..##.#.,****,
#
*,**,,*****#####5......,**,,,
#####,**,,*
#.y55..K....,**,,,
....#,**,,*
#@###.####.#,,,,,,
##..#,**,,* #.###.# *,*****,,
#*..#,,,,,* ##...#.# *,* *,,
#*..#**,..#####..#...# *,*
*,, #*..# *,........#.#..#
*,* *,, #*###
**#.#####..#...# *,* **,
#............####,* *, *****
########)........,* ** *,,,*
*#######.########** *


You could see Pikel, a hornet and 3 lemures.

Vanquished Creatures
  Grinder (D:4)
  Eustachio (D:4)
  A scorpion (D:4)
  A wight (D:4)
  Ijyb (D:5)
  Terence (D:3)
  Natasha (twice) (D:3)
  An iguana (D:5)
  A gnoll (D:1)
  7 adders
  2 worms
  3 dart slugs
  5 endoplasms
  2 giant cockroaches (D:1)
  8 goblins
  4 hobgoblins
  3 kobolds
  A quokka (D:4)
  8 ball pythons
  4 bats
  2 frilled lizards
  4 rats
63 creatures vanquished.

Vanquished Creatures (others)
  18 plants (D:4)
18 creatures vanquished.

Grand Total: 81 creatures vanquished

Notes
Turn   | Place    | Note
-------+----------+-------------------------------------------
     0 | D:1      | sylnyx the Minotaur Monk began the quest for the Orb.
     0 | D:1      | Reached XP level 1. HP: 19/19 MP: 0/0
   260 | D:1      | Reached XP level 2. HP: 20/27 MP: 1/1
   262 | D:1      | Reached skill level 4 in Polearms
   515 | D:1      | Found a faded altar of an unknown god.
   541 | D:1      | Prayed at the altar of an unknown god.
   541 | D:1      | Became a worshipper of Warmaster Okawaru
   541 | D:1      | Reached * piety under Okawaru
   541 | D:1      | Reached ** piety under Okawaru
   623 | D:1      | Reached XP level 3. HP: 33/33 MP: 2/2
  1068 | D:2      | Found a radiant altar of Vehumet.
  1651 | D:2      | Reached XP level 4. HP: 37/40 MP: 3/3
  2253 | D:3      | Noticed Terence
  2265 | D:3      | Killed Terence
  2266 | D:3      | Reached skill level 5 in Polearms
  2347 | D:3      | Noticed Natasha
  2355 | D:3      | Killed Natasha
  2355 | D:3      | Reached *** piety under Okawaru
  2356 | D:3      | Reached skill level 1 in Armour
  2356 | D:3      | Reached XP level 5. HP: 30/47 MP: 4/4
  2731 | D:3      | Noticed Natasha
  2736 | D:3      | Killed Natasha
  2859 | D:4      | Noticed Eustachio
  2870 | D:4      | Killed Eustachio
  2871 | D:4      | Reached skill level 6 in Polearms
  2871 | D:4      | Reached XP level 6. HP: 53/55 MP: 5/5
  2880 | D:4      | Reached skill level 5 in Fighting
  3275 | D:4      | Noticed Grinder
  3295 | D:4      | Killed Grinder
  3296 | D:4      | Reached XP level 7. HP: 42/61 MP: 2/6
  3403 | D:4      | Found a hazy altar of Hepliaklqana.
  3463 | D:4      | You fall into a shaft and drop 1 floor!
  3463 | D:5      | Entered Level 5 of the Dungeon
  3489 | D:5      | Noticed Ijyb
  3517 | D:5      | Killed Ijyb
  3610 | D:4      | Reached skill level 7 in Polearms
  3631 | D:4      | Noticed a hornet
  3631 | D:4      | Noticed Pikel
  3637 | D:4      | Paralysed by a hornet for 1 turns
  3642 | D:4      | HP: 1/61 [hornet (12)]
  3642 | D:4      | Mangled by a hornet

Illustrated notes

Levels and vault maps discovered:
D:1:      roderic_octagonal_star, layout_basic,
          nicolae_ecumenical_snake_handling
D:2:      layout_loops_cross, basic_altar, minmay_quadrilaterals
D:3:      layout_basic, uniq_natasha, uniq_terence
D:4:      layout_loops_ring, nzn_hepliaklqana_mist_gate, nicolae_grassy_gnolls,
          uniq_eustachio, uniq_pikel, uniq_crazy_yiuf_cottage, uniq_grinder
D:5:      layout_cave_pools, temple_statues, gammafunk_ghost_nasty_kobolds,
          portal_sewer_entry_a, uniq_ijyb, uniq_blork_the_orc

Skill      XL: |  1  2  3  4  5  6  7 |
---------------+----------------------+-----
Polearms       | 4 5 6 7 |  7.0
Fighting       | 4 5 |  5.4
Dodging        | 4 |  4.4
Stealth        | 2 |  2.6
Armour         | 1 2 3 |  3.9
Maces & Flails | |  0.2
Invocations    | |  0.3
Evocations     | |  0.7

Action                   |  1- 3 |  4- 6 |  7- 9 || total
-------------------------+-------+-------+-------++-------
Melee: Spear             |    94 |   105 |    12 ||   211
       Headbutt          |    17 |    15 |     4 ||    36
       Punch             |       |     1 |       ||     1
       Flail             |       |       |    20 ||    20
Invok: Heroism           |       |     3 |     1 ||     4
Evoke: Wand              |       |     4 |     1 ||     5
  Use: Potion            |       |     2 |       ||     2
       Scroll            |       |     5 |       ||     5
 Stab: Sleeping          |     5 |       |       ||     5
Armor: Robe              |    11 |       |       ||    11
       Ring mail         |     7 |     8 |       ||    15
       Plate armour      |       |    24 |    17 ||    41
Dodge: Dodged            |    36 |    28 |    10 ||    74

Table legend: (Time is in decaauts)
 A = Elapsed time spent in this place.
 B = Non-inter-level travel time spent in this place.
 C = Inter-level travel time spent in this place.
 D = Time resting spent in this place.
 E = Time spent auto-exploring this place.
 F = Levels seen in this place.
 G = Mean time per level.
                   A        B        C        D        E       F      G
               +--------+--------+--------+--------+--------+-----+--------+
         Total |   3616 |   3527 |     89 |    833 |   2068 |   5 |  723.2 |
       Dungeon |   3616 |   3527 |     89 |    833 |   2068 |   5 |  723.2 |
               +--------+--------+--------+--------+--------+-----+--------+

Top non-repeatable levels by time:
     D:1: 977 daAuts
     D:3: 944 daAuts
     D:4: 816 daAuts
     D:2: 814 daAuts
     D:5: 64 daAuts
